 Dungeon Crawl Stone Soup version 0.30-a0-930-gb9d0489357 (webtiles) character file.

Game seed: 6480055598897106309

14575 Nyon the Cleaver (level 11, -4/99 HPs)
             Began as a Pale Draconian Berserker on Mar 23, 2023.
             Was an Elder of Trog.
             Slain by a death yak (8 damage)
             ... on level 2 of the Lair of Beasts on Mar 24, 2023.
             The game lasted 00:40:58 (9188 turns).

Nyon the Cleaver (Pale Draconian Berserker)         Turns: 9188, Time: 00:40:58

Health: -4/99      AC: 15    Str: 24    XL:     11   Next: 90%
Magic:  9/9        EV: 21    Int:  8    God:    Trog [****..]
Gold:   777        SH:  5    Dex: 13    Spells: 10/10 levels left

rFire   . . .      SeeInvis .    d - +4 war axe (vamp)
rCold   . . .      Faith    .    (no shield)
rNeg    . . .      Spirit   .    (body armour unavailable)
rPois   .          Reflect  +    e - +1 hat
rElec   .          Rampage  .    (no cloak)
rCorr   .                        f - +2 pair of gloves {Dex+3}
Will    .....                    (no boots)
Stlth   +++                      l - amulet of reflection
HPRegen 0.36/turn                b - +5 ring of evasion
MPRegen 0.11/turn                k - +4 ring of protection

@: mighty, short of breath, on berserk cooldown, slowed, very slow
A: breathe steam, AC +7, unfitting armour, cold-blooded, steam resistance,
antennae 1, low MP 1, MP-powered wands
a: Breathe Steam, Renounce Religion, Berserk, Trog's Hand, Brothers in Arms


You were on level 2 of the Lair of Beasts.
You worshipped Trog.
Trog was greatly pleased with you.
You visited 2 branches of the dungeon, and saw 11 of its levels.
You also visited: Ossuary and Bailey.

You collected 777 gold pieces.

Inventory:

Hand Weapons
 d - a +4 vampiric war axe (weapon)
Armour
 e - a +1 hat (worn)
 f - a +2 pair of gloves of dexterity (worn)
Jewellery
 b - a +5 ring of evasion (left hand)
 c - an amulet of faith
 k - a +4 ring of protection (right hand)
 l - an amulet of reflection (around neck)
Scrolls
 h - a scroll of brand weapon {unknown}
 i - 5 scrolls of identify
Potions
 a - 2 potions of flight
 g - 4 potions of curing


   Skills:
 + Level 10.1 Fighting
 + Level 13.7 Axes
 + Level 9.5 Dodging
 + Level 5.9 Stealth
 + Level 3.9 Shields


You had 10 spell levels left.
You didn't know any spells.
Your spell library was empty.

Dungeon Overview and Level Annotations

Branches:
Dungeon (9/15)             Temple (0/1) D:6            Lair (2/5) D:9
  Swamp (0/4) Lair:2      Ossuary (visited)          Bailey (visited)
  Snake: Lair:2-3    Spider: Lair:2-3       Orc: D:9-12

Altars:
Makhleb
Ru
Zin

Shops:
D:6 *

Portals:
Abyss: D:6

Annotations:
Lair:1 exclusion: 2 oklob plants


Innate Abilities, Weirdness & Mutations

You can breathe blasts of scalding, opaque steam.
Your pale cyan-grey scales are hard. (AC +7)
You cannot fit into any form of body armour.
You are cold-blooded and may be slowed by cold attacks.
You are immune to the effects of steam.
You have a pair of small antennae on your head.
Your magical capacity is low. (-10% MP)
You expend magic power (3 MP) to strengthen your wands.


Message History

You slash the death yak!
You feel better.
You hit the blink frog but do no damage.
You hit the death yak.
You feel better. The blink frog barely misses you.
The death yak closely misses you. The yak completely misses you.
You block the death yak's attack. The death yak gores you!
* * * LOW HITPOINT WARNING * * *
The death yak barely misses you.
You feel very mighty all of a sudden. The blink frog completely misses you.
The blink frog closely misses you.
The death yak completely misses you. x2; You block the yak's attack.
The death yak closely misses you. The death yak completely misses you.
The blink frog blinks!
The blink frog hits you but does no damage.
The death yak barely misses you. The death yak closely misses you.
The yak completely misses you. The death yak closely misses you. x2
You hit the death yak.
You feel better.
You tail-slap the death yak.
The death yak is moderately wounded.
You hit the death yak.
You feel better.
You slash the death yak!
You feel better.
You hit the yak.
You feel better.
You slash the blink frog! You hit the death yak.
The blink frog hits you but does no damage.
The blink frog blinks!
You block the death yak's attack. The death yak misses you.
The death yak closely misses you. You block the yak's attack.
The death yak gores you!
* * * LOW HITPOINT WARNING * * *
The blink frog hits you but does no damage.
You barely miss the death yak.
The death yak is moderately wounded.
You slash the death yak! You hit the death yak. You slash the yak!
You feel better.
You slash the blink frog!
You feel better.
You hit the death yak.
You feel better. The blink frog misses you.
The blink frog blinks!
The death yak completely misses you. The death yak gores you!
* * * LOW HITPOINT WARNING * * *
The yak gores you.
* * * LOW HITPOINT WARNING * * *
The death yak gores you.
* * * LOW HITPOINT WARNING * * *
The death yak gores you!
You die...

*............#.##.,,,,,,*
*#...........#....,,,,,,,
*P..............*,,,,,,,*
##.............**,,,,,,,,
#...#........+,#*.,,,,,,*
#...##.+#....#.#.#***,***
#.......§........#***,***
*#.....YYY††.............
##.....Y@YF..............
#P......F..F.............
##.......................
##.......................
#........................
##......####P....#.#P....
#....#§..#......[.P..#..
#.........#...........'.
#.........#..........##.


You could see 4 death yaks, a yak and 3 blink frogs.

Vanquished Creatures
  A ghost crab (Lair:2)
  A two-headed ogre (D:9)
  Erica (Lair:1)
  Pikel (D:4)
  An oklob plant (Lair:1)
  A black mamba (Lair:2)
  The ghost of Sleet the Cudgeller, a novice MiBe of Trog (D:6)
  A toenail golem (D:6)
  2 cane toads (Lair:1)
  Maggie (D:7)
  2 komodo dragons
  2 hornets (D:7)
  2 polar bears (Lair:1)
  Prince Ribbit (D:7)
  3 blink frogs (Lair:2)
  A raiju (D:6)
  6 yaks
  3 wyverns
  A spectral komodo dragon (Lair:2)
  A steam dragon (D:7)
  3 water moccasins (Lair:1)
  A spectral polar bear (Lair:2)
  An ice beast (D:8)
  An orc warrior (D:9)
  A black bear (D:5)
  5 boggarts (D:9)
  2 ogres
  12 wolves
  5 centaurs
  A spectral basilisk (Lair:2)
  2 small abominations (D:6)
  3 kobold brigands
  9 bullfrogs
  A gnoll sergeant (D:6)
  4 scorpions
  5 wights (D:8)
  2 howler monkeys
  An electric eel (Lair:1)
  3 jellies
  An orc priest (D:3)
  2 hounds
  4 iguanas
  16 orc wizards
  9 mummies
  3 gnolls (D:6)
  5 adders
  A shadow imp (D:5)
  A white imp (D:6)
  2 ufetubi
  2 worms
  2 dart slugs
  24 orcs
  3 bats
  10 endoplasms
  8 giant cockroaches
  A gnoll zombie (Ossuary)
  12 goblins
  7 hobgoblins
  10 jackals
  7 kobolds
  3 quokkas
  2 ball pythons
  3 frilled lizards
  2 hobgoblin zombies (Ossuary)
  4 kobold zombies (Ossuary)
  An orc zombie (Ossuary)
  8 rats
248 creatures vanquished.

Vanquished Creatures (collateral kills)
  A polar bear (Lair:1)
  A hornet (D:9)
  4 yaks (D:9)
  A hound (D:6)
  A gnoll (D:6)
8 creatures vanquished.

Vanquished Creatures (others)
  12 fungi (Lair:2)
  41 plants
53 creatures vanquished.

Grand Total: 309 creatures vanquished

Notes
Turn   | Place    | Note
-------+----------+-------------------------------------------
     0 | D:1      | Nyon the Draconian Berserker began the quest for the Orb.
     0 | D:1      | Reached XP level 1. HP: 19/19 MP: 1/1
   187 | D:1      | Reached XP level 2. HP: 22/26 MP: 2/2
   393 | D:1      | Found a faded altar of an unknown god.
   605 | D:1      | Reached XP level 3. HP: 11/33 MP: 3/3
  1132 | D:2      | Reached ** piety under Trog
  1720 | D:2      | Reached skill level 4 in Axes
  1720 | D:2      | Reached XP level 4. HP: 36/40 MP: 4/4
  2061 | D:3      | Reached *** piety under Trog
  2073 | D:3      | Reached XP level 5. HP: 46/46 MP: 5/5
  2420 | D:3      | Reached skill level 8 in Axes
  2420 | D:3      | Reached XP level 6. HP: 58/58 MP: 6/6
  2430 | D:3      | Gained mutation: You expend magic power (3 MP) to
                  | strengthen your wands. [potion of mutation]
  2430 | D:3      | Gained mutation: You have a pair of small antennae on your
                  | head. [potion of mutation]
  2430 | D:3      | Gained mutation: Your magical capacity is low. (-10% MP)
                  | [potion of mutation]
  2632 | D:4      | Noticed Pikel
  2641 | D:4      | Killed Pikel
  2642 | D:4      | Reached skill level 9 in Axes
  2642 | D:4      | Reached skill level 5 in Stealth
  2642 | D:4      | Your scales start taking on a pale cyan-grey colour.
  2642 | D:4      | Reached XP level 7. HP: 64/64 MP: 6/6
  2642 | D:4      | Gained mutation: You are immune to the effects of steam.
                  | [Pale Draconian growth]
  2931 | D:4      | Found a sand-covered staircase.
  2939 | Ossuary  | Entered an ossuary
  3027 | Ossuary  | Reached XP level 8. HP: 73/73 MP: 7/7
  3899 | D:5      | Entered Level 5 of the Dungeon
  4125 | D:5      | Reached **** piety under Trog
  4370 | D:5      | Found a sacrificial altar of Ru.
  4574 | D:5      | Identified a scroll of acquirement
  4574 | D:5      | Acquired an amulet of reflection
  4617 | D:6      | Acquired a +3 vampiric war axe
  4714 | D:6      | Found a transporter.
  4739 | D:6      | Reached XP level 9. HP: 67/79 MP: 8/8
  4853 | D:6      | Noticed a toenail golem
  4856 | D:6      | Reached skill level 10 in Axes
  4865 | D:6      | Killed a toenail golem
  4890 | D:6      | Found a one-way gate to the infinite horrors of the Abyss.
  4898 | D:6      | Found a transporter.
  4912 | D:6      | Noticed Sleet's ghost (novice MiBe)
  4923 | D:6      | Killed Sleet's ghost
  4924 | D:6      | Reached skill level 1 in Shields
  4971 | D:6      | Found a staircase to the Ecumenical Temple.
  5231 | D:6      | Found Deonot's Assorted Antiques.
  5524 | D:7      | Noticed Prince Ribbit
  5537 | D:7      | Killed Prince Ribbit
  5539 | D:7      | Found a flagged portal.
  5563 | Bailey   | Entered a bailey
  5801 | D:7      | Noticed a cacodemon
  5802 | D:7      | Found a burning altar of Makhleb.
  5808 | D:7      | Found a glowing silver altar of Zin.
  5808 | D:7      | Noticed an angel
  5918 | D:7      | Noticed Maggie
  5930 | D:7      | Killed Maggie
  5931 | D:7      | Reached XP level 10. HP: 88/88 MP: 9/9
  5952 | D:7      | Paralysed by a hornet for 2 turns
  5956 | D:7      | Reached skill level 11 in Axes
  7137 | D:9      | Noticed a two-headed ogre
  7145 | D:9      | Killed a two-headed ogre
  7186 | D:9      | Reached skill level 12 in Axes
  7396 | D:9      | Reached XP level 11. HP: 97/97 MP: 9/9
  7466 | D:9      | Found a staircase to the Lair.
  7492 | Lair:1   | Entered Level 1 of the Lair of Beasts
  8096 | Lair:1   | Noticed an oklob plant
  8191 | Lair:1   | Killed an oklob plant
  8192 | Lair:1   | Reached skill level 13 in Axes
  8235 | Lair:1   | Noticed an oklob plant
  8247 | Lair:1   | Noticed an oklob plant
  8489 | Lair:2   | Noticed a death yak
  8489 | Lair:2   | Noticed a death yak
  8537 | Lair:1   | Noticed Erica
  8551 | Lair:2   | Noticed a death yak
  8552 | Lair:2   | Noticed a death yak
  8657 | Lair:1   | Killed Erica
  8911 | Lair:2   | Found a staircase to the Swamp.
  8911 | Lair:2   | Noticed a ghost crab
  8923 | Lair:2   | Killed a ghost crab
  9164 | Lair:2   | Reached skill level 10 in Fighting
  9188 | Lair:2   | HP: 4/99 [death yak (3)]
  9188 | Lair:2   | Slain by a death yak

Illustrated notes

Levels and vault maps discovered:
D:1:      elethiomel_arrival_maze, layout_basic,
          shapermc_ecumenical_altar_rom_forum, minmay_ruptured
D:2:      layout_loops_ring, st_stairs_2
D:3:      layout_rooms
D:4:      nicolae_BIG_FREAKIN_CUBE, layout_loops_ring,
          gup_ossuary_entry_pyramid, minivault_1, uniq_pikel
D:5:      layout_loops_ring, marbit_many_paths, corexii_corridor_pit
D:6:      layout_loops_cross, minmay_temple_entry_ruins, serial_shops,
          nicolae_shop_temple_entry_statues_fountains,
          gammafunk_ghost_abyssal_escape
D:7:      layout_rooms, grunt_temple_overflow_order_and_chaos_2, enter_bailey_5,
          uniq_maggie, uniq_prince_ribbit1
D:8:      minmay_flawed_box, layout_basic
D:9:      minmay_thinvault, layout_long_grid, david_lair_shrubbed
Lair:1:   minmay_lair_oklob_tunnel, layout_chaotic_city,
          gammafunk_lair_bear_cave, uniq_erica
Lair:2:   layout_regular_city, nicolae_swamp_entry_spooky

Skill      XL: |  1  2  3  4  5  6  7  8  9 10 11 |
---------------+----------------------------------+-----
Dodging        | 3 7 8 9 |  9.5
Axes           | 4 8 9 10 12 13 | 13.7
Fighting       | 4 6 7 8 9 10 | 10.1
Stealth        | 4 5 |  5.9
Shields        | 2 3 |  3.9

Action                     |  1- 3 |  4- 6 |  7- 9 | 10-12 || total
---------------------------+-------+-------+-------+-------++-------
  Melee: Hand axe          |   131 |    73 |    84 |       ||   288
         Tailslap          |     9 |    11 |    19 |    36 ||    75
         Punch             |     1 |     1 |     1 |     3 ||     6
         War axe           |       |       |    93 |   263 ||   356
 Invoke: Berserk           |     1 |     2 |     6 |    11 ||    20
         Brothers in Arms  |       |       |     1 |     2 ||     3
Ability: Breathe Steam     |       |       |    30 |    26 ||    56
    Use: Scroll            |     3 |     7 |    13 |     4 ||    27
         Potion            |     2 |     3 |     4 |     1 ||    10
   Stab: Sleeping          |     1 |     1 |       |       ||     2
         Distracted        |       |       |     1 |       ||     1
 Armour: Skin              |    27 |     9 |    44 |    61 ||   141
  Dodge: Dodged            |   122 |    82 |   193 |   259 ||   656
  Block: Other             |       |       |    24 |    68 ||    92
         Reflection        |       |       |     4 |     4 ||     8

Table legend: (Time is in decaauts)
 A = Elapsed time spent in this place.
 B = Non-inter-level travel time spent in this place.
 C = Inter-level travel time spent in this place.
 D = Time resting spent in this place.
 E = Time spent auto-exploring this place.
 F = Levels seen in this place.
 G = Mean time per level.
                   A        B        C        D        E       F      G
               +--------+--------+--------+--------+--------+-----+--------+
         Total |   9399 |   9126 |    273 |    315 |   5821 |  13 |  723.0 |
       Dungeon |   7439 |   7166 |    273 |    315 |   4885 |   9 |  826.6 |
          Lair |   1735 |   1735 |      0 |      0 |    832 |   2 |  867.5 |
       Ossuary |    205 |    205 |      0 |      0 |    104 |   1 |  205.0 |
        Bailey |     18 |     18 |      0 |      0 |      0 |   1 |   18.0 |
               +--------+--------+--------+--------+--------+-----+--------+

Top non-repeatable levels by time:
     D:4: 1251 daAuts
  Lair:1: 1199 daAuts
     D:1: 1019 daAuts
     D:6: 942 daAuts
     D:2: 886 daAuts
     D:7: 736 daAuts
     D:5: 712 daAuts
     D:9: 679 daAuts
     D:8: 607 daAuts
     D:3: 605 daAuts
  Lair:2: 536 daAuts
 Ossuary: 205 daAuts
  Bailey: 18 daAuts
